 Dungeon Crawl Stone Soup version 0.29-a0-542-g075992c915 (webtiles) character file.

Game seed: 3202586217634034765

9575 oldriver the Cleaver (level 11, -11/96 HPs)
             Began as a Palentonga Delver on June 4, 2022.
             Was a High Priest of Okawaru.
             Mangled by a two-headed ogre
             ... wielding a +0 giant club
              (28 damage)
             ... on level 10 of the Dungeon.
             The game lasted 00:16:33 (11803 turns).

oldriver the Cleaver (Palentonga Delver)           Turns: 11803, Time: 00:16:34

Health: -11/96     AC: 22    Str: 20    XL:     11   Next: 24%
Magic:  5/5        EV:  7    Int: 11    God:    Okawaru [*****.]
Gold:   1345       SH:  0    Dex: 11    Spells: 10/10 levels left

rFire   . . .      SeeInvis +   i - +4 war axe (antimagic)
rCold   . . .      Faith    +   (no shield)
rNeg    . . .      Spirit   .   b - +0 leather armour
rPois   .          Reflect  .   (no helmet)
rElec   .          Harm     .   (no cloak)
rCorr   +          Rampage  .   k - +2 pair of gloves
Will    .....                   p - +2 barding
Stlth   ++........              t - amulet of faith
HPRegen 0.26/turn               h - ring of resist corrosion
MPRegen 0.09/turn               (no ring)

@: curled up
A: large, rugged brown scales 3, see invisible, deformed body, roll 1, armoured
tail, reflexive curl
a: Rolling Charge, Renounce Religion, Heroism, Finesse, Duel


You were on level 10 of the Dungeon.
You worshipped Okawaru.
Okawaru was extremely pleased with you.
You visited 2 branches of the dungeon, and saw 11 of its levels.
You also visited: Bailey.

You collected 1345 gold pieces.

Inventory:

Hand Weapons
 i - a +4 antimagic war axe (weapon)
Missiles
 y - 13 boomerangs
Armour
 b - a +0 leather armour (worn)
 k - a +2 pair of gloves (worn)
 p - a +2 barding (worn)
Jewellery
 h - a ring of resist corrosion (left hand)
 t - an amulet of faith (around neck)
Wands
 g - a wand of digging (3)
 q - a wand of acid (16)
 s - a wand of polymorph (5)
 A - a wand of paralysis (10)
Scrolls
 c - 3 scrolls of fog
 d - 3 scrolls of magic mapping
 e - 3 scrolls of fear
 m - 5 scrolls of identify
 v - a scroll of immolation
 w - 2 scrolls of teleportation
 D - a scroll of amnesia {unknown}
 F - a scroll of enchant armour
 G - a scroll of poison {unknown}
Potions
 a - 3 potions of degeneration
 f - a potion of invisibility {unknown}
 j - 3 potions of mutation
 l - 3 potions of lignification
 n - a potion of attraction
 o - 3 potions of heal wounds {unknown}
 r - a potion of berserk rage {unknown}
 u - 2 potions of resistance
 x - 3 potions of haste
 z - 5 potions of flight
 B - a potion of might {unknown}
 C - 3 potions of magic
 E - a potion of curing


   Skills:
 + Level 9.9 Fighting
 * Level 12.6 Axes
 - Level 5.0 Armour
 - Level 2.0 Dodging
 - Level 3.3 Stealth
 + Level 5.8 Invocations


You had 10 spell levels left.
You didn't know any spells.
Your spell library contained the following spells:

 Spells                   Type           Power      Damage    Failure   Level
 Sandblast                Erth           0%         2d4       38%         1
 Blink                    Tloc           0%         N/A       52%         2
 Frozen Ramparts          Ice            0%         1d2       77%         3
 Lesser Beckoning         Tloc           0%         N/A       77%         3
 Portal Projectile        Hex/Tloc       0%         N/A       77%         3
 Ice Form                 Ice/Tmut       0%         N/A       99%         4
 Leda's Liquefaction      Hex/Erth       0%         N/A       99%         4
 Manifold Assault         Tloc           0%         N/A       100%        5
 Call Canine Familiar     Summ           Unusable   N/A       N/A         3
 Summon Ice Beast         Ice/Summ       Unusable   N/A       N/A         4

Dungeon Overview and Level Annotations

Branches:
Dungeon (10/15)            Temple (1/1) D:4          Bailey (visited)
   Lair: D:8-11         Orc: D:9-12

Altars:
Ashenzari
Cheibriados
Elyvilon
Kikubaaqudgha
Makhleb
Nemelex Xobeh
Okawaru
Qazlal
Ru
Sif Muna
Trog
Uskayaw
Wu Jian
Yredelemnul
The Shining One


Innate Abilities, Weirdness & Mutations

You are completely covered in rugged brown scales. (AC +3, +7% HP)
You have supernaturally acute eyesight. (SInv)
Armour fits poorly on your strangely shaped body.
You can roll at nearby foes to attack.
You have a long armoured tail.
You curl defensively after being hit. (AC +7*)


Message History

Key pressed, stopping explore.
A wraith comes into view.
A wraith is nearby!
A wraith is nearby!
A gargoyle and a two-headed ogre come into view.
The two-headed ogre shouts in stereo!
You roll forward with a clatter of scales!
You slash the gargoyle!
The gargoyle is severely damaged.
The gargoyle hits you with a +0 dire flail.
You hit the gargoyle but do no damage.
The gargoyle is severely damaged.
The gargoyle hits you with a +0 dire flail!
You slash the gargoyle!
You destroy the gargoyle!
Okawaru accepts your kill. There's nothing you can charge at!
You hit the two-headed ogre.
The two-headed ogre is lightly wounded.
The two-headed ogre hits you with a +0 giant club!
The two-headed ogre hits you with a +0 giant spiked club!
You slash the two-headed ogre!
The two-headed ogre is moderately wounded.
You hit the two-headed ogre but do no damage.
The two-headed ogre is moderately wounded.
The two-headed ogre hits you with a +0 giant club.
The two-headed ogre hits you with a +0 giant spiked club!
You barely miss the two-headed ogre.
The two-headed ogre is moderately wounded.
The two-headed ogre hits you with a +0 giant club!
* * * LOW HITPOINT WARNING * * *
The two-headed ogre hits you with a +0 giant spiked club!
* * * LOW HITPOINT WARNING * * *
You slash the two-headed ogre!
The two-headed ogre is heavily wounded.
You slash the two-headed ogre!
Your tail-slap misses the two-headed ogre.
The two-headed ogre is severely wounded.
The two-headed ogre hits you with a +0 giant club!!
You die...

######.#
##...##>#
.....#### ####
##.### ..#...#
#..# .......###
..### .........#
....##
..W.O..#.#
####.##
..#...##O#
###.#########.@#
###...##.# #.##
#...####.# ##.#
#.### #.# #..#
..# #.# ##.##
.## #.####..#
..### #......##
#...# ###.####
###.# ####.#####


You could see a two-headed ogre.

Vanquished Creatures
  Erica (D:9)
  Pikel (D:8)
  A manticore (D:6)
  2 gargoyles (D:10)
  A kobold demonologist (D:6)
  A troll (D:9)
  Prince Ribbit (D:8)
  2 hornets
  Sigmund (D:3)
  12 yaks
  A wraith (D:9)
  A shadow (D:10)
  A wyvern (D:10)
  2 steam dragons (D:9)
  An acid dragon (D:7)
  3 ice beasts
  8 orc warriors
  A black bear (D:6)
  An ogre (D:5)
  3 centaurs
  A phantom (D:7)
  A kobold brigand (D:8)
  A lemure (D:8)
  A gnoll sergeant (D:6)
  3 bullfrogs
  3 scorpions
  4 wights
  11 killer bees
  2 electric eels (D:9)
  4 howler monkeys
  2 jellies
  A gnoll shaman (D:7)
  3 orc priests
  5 iguanas
  8 orc wizards
  19 gnolls
  9 adders
  A shadow imp (D:5)
  2 ufetubi
  2 worms (D:5)
  The ghost of DocClef the Covert, a weakling GnDe (D:5)
  A dart slug (D:1)
  26 orcs
  3 ball pythons
  7 bats
  3 endoplasms (D:1)
  A giant cockroach (D:2)
  11 goblins
  2 hobgoblins
  23 kobolds
  4 quokkas
  4 frilled lizards (D:1)
  4 rats
218 creatures vanquished.

Notes
Turn   | Place    | Note
-------+----------+-------------------------------------------
     0 | D:5      | oldriver the Palentonga Delver began the quest for the Orb.
     0 | D:5      | Reached XP level 1. HP: 19/19 MP: 1/1
    46 | D:5      | Noticed an iguana
    51 | D:5      | Killed an iguana
    52 | D:5      | Reached XP level 2. HP: 17/25 MP: 0/2
    54 | D:5      | Found a runed translucent gate.
    54 | D:5      | Found a runed translucent gate.
   193 | D:3      | Reached XP level 3. HP: 14/32 MP: 1/3
   444 | D:3      | Reached skill level 3 in Axes
   490 | D:3      | Noticed Sigmund
   498 | D:3      | Killed Sigmund
   499 | D:3      | Reached skill level 4 in Axes
   499 | D:3      | Reached XP level 4. HP: 38/40 MP: 1/4
   499 | D:3      | Reached XP level 5. HP: 43/46 MP: 1/5
   548 | D:3      | Reached skill level 5 in Fighting
   855 | D:3      | Reached XP level 6. HP: 42/54 MP: 2/6
  2270 | D:1      | Reached skill level 5 in Axes
  2999 | D:3      | Found a faded altar of an unknown god.
  3344 | D:4      | Found a staircase to the Ecumenical Temple.
  3360 | Temple   | Entered the Ecumenical Temple
  3456 | Temple   | Became a worshipper of Warmaster Okawaru
  3505 | D:4      | Found a shimmering blue altar of Sif Muna.
  3508 | D:4      | Reached skill level 1 in Armour
  3522 | D:4      | Got Sif Muna's Tome of Earth
  3526 | D:4      | Noticed an orc warrior
  3527 | D:4      | Found a bloodstained altar of Trog.
  3530 | D:4      | Killed an orc warrior
  3531 | D:4      | Gained mutation: You curl defensively after being hit. (AC
                  | +7*) [Palentonga growth]
  3531 | D:4      | Reached XP level 7. HP: 26/60 MP: 2/7
  4174 | D:5      | Reached skill level 6 in Axes
  4324 | D:5      | Reached * piety under Okawaru
  4769 | D:5      | Reached XP level 8. HP: 69/69 MP: 2/8
  4786 | D:5      | Found a runed translucent gate.
  4788 | D:5      | Noticed DocClef's ghost (weakling GnDe)
  4992 | D:5      | Killed DocClef's ghost
  5116 | D:6      | Reached skill level 7 in Axes
  5229 | D:6      | Found a basalt altar of Yredelemnul.
  5344 | D:6      | Reached ** piety under Okawaru
  5429 | D:6      | Noticed a kobold demonologist
  5437 | D:6      | Killed a kobold demonologist
  5438 | D:6      | Reached skill level 8 in Axes
  5694 | D:6      | Noticed a manticore
  5709 | D:6      | HP: 1/71 [manticore (10)]
  5714 | D:6      | HP: 3/71 [manticore (8)]
  5716 | D:6      | Killed a manticore
  5716 | D:6      | Reached *** piety under Okawaru
  5717 | D:6      | Reached XP level 9. HP: 4/77 MP: 0/9
  6675 | D:6      | Reached skill level 9 in Axes
  6994 | D:7      | Reached **** piety under Okawaru
  7347 | D:7      | Reached skill level 10 in Axes
  7756 | D:8      | Noticed Prince Ribbit
  7759 | D:8      | Reached skill level 5 in Armour
  7763 | D:8      | Killed Prince Ribbit
  7764 | D:8      | Reached skill level 1 in Invocations
  7789 | D:8      | Noticed Pikel
  7790 | D:8      | Reached ***** piety under Okawaru
  7808 | D:8      | Killed Pikel
  7809 | D:8      | Reached XP level 10. HP: 27/87 MP: 3/11
  7896 | D:8      | Found a flagged portal.
  8057 | Bailey   | Entered a bailey
  8488 | Bailey   | Reached skill level 11 in Axes
  9598 | D:9      | Received a gift from Okawaru
  9693 | D:9      | Found a stormy altar of Qazlal.
  9885 | D:9      | Found a sparkling altar of Nemelex Xobeh.
 10655 | D:9      | Noticed Erica
 10664 | D:9      | Killed Erica
 10665 | D:9      | Reached skill level 12 in Axes
 10724 | D:9      | Reached skill level 5 in Invocations
 10746 | D:9      | Received a gift from Okawaru
 10747 | D:9      | Reached XP level 11. HP: 37/95 MP: 4/14
 11171 | D:10     | Entered Level 10 of the Dungeon
 11789 | D:10     | Noticed a two-headed ogre
 11803 | D:10     | Mangled by a two-headed ogre

Illustrated notes

Levels and vault maps discovered:
D:1:      arrival_zaba_pyramid, layout_basic, palyth_stone_intersect
D:2:      layout_rooms
D:3:      layout_basic, chequers_ecumenical_altar_simple, uniq_sigmund
D:4:      layout_basic, nzn_overflow_gifts_of_might_and_magic,
          minmay_temple_entry_ruins, chequers_serial_rivers_micro_e
D:5:      layout_basic, ebering_ghost_rock_garden
D:6:      layout_loops_ring, mainiacjoe_overflow_chevrons, kb_rosetta
D:7:      layout_cave_pools, dk_noncrumbling_2
D:8:      layout_rooms, enter_bailey_3, uniq_prince_ribbit1, uniq_pikel
D:9:      layout_loops_ring, nicolae_overflow_squiral, uniq_erica
D:10:     layout_rooms, marbit_many_paths
Temple:   eino_temple_scatter_basement

Skill      XL: |  1  2  3  4  5  6  7  8  9 10 |
---------------+-------------------------------+-----
Axes           | 4 5 6 8 10 12 | 12.6
Fighting       | 4 5 6 7 8 9 |  9.9
Armour         | 1 2 4 5 |  5.0
Dodging        | 2 |  2.0
Invocations    | 2 5 |  5.8
Stealth        | |  3.3

Action                   |  1- 3 |  4- 6 |  7- 9 | 10-12 || total
-------------------------+-------+-------+-------+-------++-------
Melee: War axe           |    17 |   161 |   252 |   231 ||   661
       Tailslap          |     6 |    13 |    32 |    29 ||    80
       Punch             |       |     3 |     3 |     5 ||    11
Throw: Boomerang         |       |       |       |    25 ||    25
Invok: Heroism           |       |       |     1 |     2 ||     3
 Abil: Rolling Charge    |     5 |    39 |    61 |    30 ||   135
  Use: Potion            |     1 |     1 |     3 |     1 ||     6
       Scroll            |       |     4 |     8 |     2 ||    14
 Stab: Sleeping          |       |       |       |     2 ||     2
Armor: Leather armour    |     1 |    84 |   161 |   139 ||   385
Dodge: Dodged            |     6 |    58 |    97 |    93 ||   254

Table legend: (Time is in decaauts)
 A = Elapsed time spent in this place.
 B = Non-inter-level travel time spent in this place.
 C = Inter-level travel time spent in this place.
 D = Time resting spent in this place.
 E = Time spent auto-exploring this place.
 F = Levels seen in this place.
 G = Mean time per level.
                   A        B        C        D        E       F      G
               +--------+--------+--------+--------+--------+-----+--------+
         Total |  11860 |  11606 |    254 |   3944 |   5637 |  12 |  988.3 |
       Dungeon |  10833 |  10609 |    224 |   3621 |   5304 |  10 | 1083.3 |
        Temple |    109 |     79 |     30 |      0 |     69 |   1 |  109.0 |
        Bailey |    917 |    917 |      0 |    323 |    264 |   1 |  917.0 |
               +--------+--------+--------+--------+--------+-----+--------+

Top non-repeatable levels by time:
     D:9: 1587 daAuts
     D:3: 1569 daAuts
     D:6: 1498 daAuts
     D:5: 1234 daAuts
     D:4: 1107 daAuts
     D:8: 928 daAuts
     D:7: 923 daAuts
  Bailey: 917 daAuts
     D:1: 876 daAuts
    D:10: 626 daAuts
     D:2: 482 daAuts
  Temple: 109 daAuts
